 Dungeon Crawl Stone Soup version 0.26-a0-1053-gaff5f71418 (webtiles) character file.

Game seed: 2354581465143377756

28 sahdkjhfkaj the Firebug (level 3, -2/19 HPs)
             Began as a Tengu Fire Elementalist on Dec 12, 2020.
             Slain by Robin
             ... wielding a +0 falchion
              (4 damage)
             ... on level 2 of the Dungeon.
             The game lasted 00:01:15 (1355 turns).

sahdkjhfkaj the Firebug (Tengu Fire Elementalist)   Turns: 1355, Time: 00:01:15

Health: -2/19      AC:  2    Str:  8    XL:     3   Next: 12%
Magic:  0/7        EV: 12    Int: 16    God:
Gold:   82         SH:  0    Dex: 14    Spells: 5/6 levels left

rFire    . . .     SeeInvis .   (no weapon)
rCold    . . .     Faith    .   (no shield)
rNeg     . . .     Spirit   .   a - +0 robe
rPois    .         Reflect  .   (helmet restricted)
rElec    .         Harm     .   (no cloak)
rCorr    .         Rampage  .   (no gloves)
Will     .....                  (boots unavailable)
Stlth    ++........             (no amulet)
HPRegen  0.06/turn              (no ring)
MPRegen  0.10/turn              (no ring)

@: no status effects
A: beak, talons 3
a: no special abilities


You were on level 2 of the Dungeon.
You visited 1 branch of the dungeon, and saw 2 of its levels.

You collected 82 gold pieces.

Inventory:

Armour
 a - a +0 robe (worn)
Scrolls
 b - a scroll of enchant armour {!r, unknown}
 d - a scroll of noise {!r, unknown}
 e - a scroll of identify {!r, unknown}
 f - a scroll of blinking {!r, unknown}
 g - a scroll of immolation {!r, unknown}
Potions
 h - a potion of mutation {!q, unknown}


   Skills:
 - Level 2.1 Dodging
 - Level 2.0 Stealth
 - Level 2.0 Spellcasting
 - Level 3.2 Conjurations
 + Level 3.9 Fire Magic


You had 5 spell levels left.
You knew the following spells:

 Your Spells              Type           Power        Failure   Level
a - Foxfire               Conj/Fire      ##..         4%          1

Your spell library contained the following spells:

 Spells                   Type           Power        Failure   Level
 Conjure Flame            Conj/Fire      ##......     14%         3
 Inner Flame              Hex/Fire       #.......     28%         3
 Sticky Flame             Conj/Fire      ##......     43%         4
 Fireball                 Conj/Fire      ##........   80%         5


Dungeon Overview and Level Annotations

Branches:
Dungeon (2/15)

Altars:

Annotations:
D:2 Robin


Innate Abilities, Weirdness & Mutations

You have a beak for a mouth.
You have claws for feet.


Message History

You closely miss the goblin.
The goblin is moderately wounded.
Robin roars a battlecry!
The goblin goes into a battle-frenzy!
The goblin hits you with a +0 dagger.
* * * LOW HITPOINT WARNING * * *
You hit the goblin. Your kick misses the goblin.
The goblin is severely wounded.
Robin hits you with a +0 falchion.
* * * LOW HITPOINT WARNING * * *
The goblin hits you with a +0 dagger.
* * * LOW HITPOINT WARNING * * *
You hit the goblin.
You kill the goblin!
Robin completely misses you.
You see here a +0 dagger.
Casting: Foxfire (safe; 4% risk of failure)
Confirm with . or Enter, or press ? or * to list all spells.
You conjure some foxfire!
Robin hits you with a +0 falchion.
You die...

########### ♣..)lg@v..#
♣.#####v### ♣.# .# ####
#.# .. ..# #.# #######.#
♣.# #.....#.####
♣.#####.###......######
♣..♣...........w.........
♣♣.♣#####........#.######


You could see Robin and a leopard gecko.

Vanquished Creatures
  A worm (D:2)
  A leopard gecko (D:1)
  4 bats
  9 goblins (D:2)
  3 hobgoblins
  3 kobolds (D:1)
  A rat (D:1)
22 creatures vanquished.

Vanquished Creatures (others)
  69 foxfires
69 creatures vanquished.

Grand Total: 91 creatures vanquished

Notes
Turn   | Place    | Note
-------+----------+-------------------------------------------
     0 | D:1      | sahdkjhfkaj the Tengu Fire Elementalist began the quest for
                  | the Orb.
     0 | D:1      | Reached XP level 1. HP: 10/10 MP: 4/4
   581 | D:1      | Reached XP level 2. HP: 15/15 MP: 0/6
  1237 | D:2      | Noticed Robin
  1296 | D:2      | Reached XP level 3. HP: 13/19 MP: 2/7
  1355 | D:2      | Slain by Robin

Illustrated notes

Levels and vault maps discovered:
D:1:      lemuel_arrival_room, layout_basic
D:2:      layout_basic, serial_forest, infiniplex_forest_clump_small,
          infiniplex_forest_clump_double, infiniplex_forest_straight_3,
          infiniplex_forest_lined_3_way, infiniplex_forest_clump_small,
          infiniplex_forest_pool, infiniplex_forest_zigzag_2,
          infiniplex_forest_join, uniq_robin

Skill      XL: |  1  2 |
---------------+-------+-----
Conjurations   | 2 3 |  3.2
Dodging        | |  2.1
Stealth        | |  2.0
Spellcasting   | |  2.0
Fire Magic     | |  3.9

Action                   || total
-------------------------++-------
Melee: Unarmed           ||     4
 Cast: Foxfire           ||    58
  Use: Potion            ||     1
 Stab: Sleeping          ||     1
Armor: Robe              ||     3
Dodge: Dodged            ||    20

Table legend: (Time is in decaauts)
 A = Elapsed time spent in this place.
 B = Non-inter-level travel time spent in this place.
 C = Inter-level travel time spent in this place.
 D = Time resting spent in this place.
 E = Time spent auto-exploring this place.
 F = Levels seen in this place.
 G = Mean time per level.
                   A        B        C        D        E       F      G
               +--------+--------+--------+--------+--------+-----+--------+
         Total |   1355 |   1335 |     20 |     49 |   1144 |   2 |  677.5 |
       Dungeon |   1355 |   1335 |     20 |     49 |   1144 |   2 |  677.5 |
               +--------+--------+--------+--------+--------+-----+--------+

Top non-repeatable levels by time:
     D:1: 1229 daAuts
     D:2: 126 daAuts
